 Dungeon Crawl Stone Soup version 0.29.1-15-g9cfb28693d (webtiles) character file.

Game seed: 10802743281494904194

25 protoss039 the Digger (level 2, -2/21 HPs)
             Began as a Demonspawn Earth Elementalist on Feb 28, 2023.
             Slain by a kobold
             ... wielding a +0 spear
              (5 damage)
             ... on level 1 of the Dungeon.
             The game lasted 00:01:00 (755 turns).

protoss039 the Digger (DsEE)                         Turns: 755, Time: 00:01:01

Health: -2/21      AC:  2    Str:  8    XL:     2   Next: 86%
Magic:  3/5        EV: 12    Int: 16    God:
Gold:   0          SH:  4    Dex: 13    Spells: 4/5 levels left

rFire   . . .      SeeInvis .   i - +0 dagger (drain)
rCold   . . .      Faith    .   (no shield)
rNeg    . . .      Spirit   .   a - +0 robe
rPois   .          Reflect  .   (no helmet)
rElec   .          Harm     .   (no cloak)
rCorr   .          Rampage  .   (no gloves)
Will    .....                   (no boots)
Stlth   ++........              (no amulet)
HPRegen 0.07/turn               (no ring)
MPRegen 0.09/turn               (no ring)

@: no status effects
A: condensation shield
a: no special abilities


You were on level 1 of the Dungeon.
You visited 1 branch of the dungeon, and saw 1 of its levels.

Inventory:

Hand Weapons
 i - a +0 dagger of draining (weapon)
Armour
 a - a +0 robe (worn)
Magical Staves
 h - a staff of fire
Scrolls
 c - a scroll of identify {unknown}
 e - 2 scrolls of blinking {unknown}
Potions
 b - a potion of magic
 f - a potion of attraction {unknown}
 g - a potion of flight {unknown}


   Skills:
 + Level 1.2 Fighting
 - Level 1.7 Dodging
 - Level 1.7 Stealth
 + Level 2.4 Spellcasting
 - Level 0.8 Transmutations
 + Level 3.0 Earth Magic


You had 4 spell levels left.
You knew the following spells:

 Your Spells              Type           Power      Damage    Failure   Level
a - Sandblast             Erth           22%        2d7       5%          1

Your spell library contained the following spells:

 Spells                   Type           Power      Damage    Failure   Level
 Passwall                 Tmut/Erth      6%         N/A       13%         2
 Stone Arrow              Conj/Erth      12%        3d7       32%         3
 Petrify                  Tmut/Erth      8%         N/A       65%         4


Dungeon Overview and Level Annotations

Branches:
Dungeon (1/15) Zot: 5235

Altars:


Innate Abilities, Weirdness & Mutations

A meltable shield of frost defends you. (SH +4)


Message History

You barely miss the goblin. You block the goblin's attack.
There are monsters nearby!
You hit the dart slug but do no damage. You drain the dart slug.
The dart slug is moderately wounded.
The goblin hits you but does no damage.
There are monsters nearby!
You hit the dart slug.
The dart slug is heavily wounded.
The goblin hits you with a +0 dagger. The dart slug bites you.
You hit the dart slug. You drain the dart slug.
You kill the dart slug!
The kobold hits you from afar with a +0 spear.
The goblin closely misses you.
There are monsters nearby!
You barely miss the goblin.
The kobold hits you from afar with a +0 spear.
The goblin closely misses you.
There are monsters nearby!
You are too injured to fight recklessly!
There are monsters nearby!
You are too injured to fight recklessly!
There are monsters nearby!
Casting: Sandblast (safe; 5% risk of failure)
Confirm with . or Enter, or press ? or * to list all spells.
Aiming: Sandblast (safe; 5% risk of failure)
Press: ? - help, Shift-Dir - straight line, f - goblin
Aim: a goblin, wielding a +0 dagger (77% to hit)
The blast of sand hits the goblin!
You kill the goblin!
The kobold hits you from afar with a +0 spear.
* * * LOW HITPOINT WARNING * * *
The kobold misses you.
Casting: Sandblast (safe; 5% risk of failure)
Confirm with . or Enter, or press ? or * to list all spells.
Aiming: Sandblast (safe; 5% risk of failure)
Press: ? - help, Shift-Dir - straight line, f - kobold
Aim: a kobold, wielding a +0 spear and wearing a +0 ring mail (80% to hit)
The blast of sand hits the kobold but does no damage.
The kobold hits you from afar with a +0 spear.
You die...

.. ..# # ##.## ##..# #.
....#### ....
.....(....# #####.###
....#.#...######........
.#.............#.#.#.#..
.....K.........#[#.#.#).
#)@.........)...#..
.......#.......#.#.†....
#.._...#.).†...#........
.##..#....######........
...#..#..# #.##.....
..........# #.###.#.#
........#.# ......#.#
...'#..#..# ##........
..... ..# #######


You could see a kobold.

Vanquished Creatures
  3 dart slugs (D:1)
  An endoplasm (D:1)
  4 goblins (D:1)
  A hobgoblin (D:1)
  4 quokkas (D:1)
  2 ball pythons (D:1)
  2 bats (D:1)
  A rat (D:1)
18 creatures vanquished.

Notes
Turn   | Place    | Note
-------+----------+-------------------------------------------
     0 | D:1      | protoss039 the Demonspawn Earth Elementalist began the
                  | quest for the Orb.
     0 | D:1      | Reached XP level 1. HP: 13/13 MP: 3/3
   478 | D:1      | Gained mutation: A meltable shield of frost defends you.
                  | (SH +4) [demonic ancestry]
   478 | D:1      | Reached XP level 2. HP: 20/20 MP: 5/5
   563 | D:1      | Reached skill level 1 in Fighting
   666 | D:1      | Reached skill level 3 in Earth Magic
   747 | D:1      | Found a faded altar of an unknown god.
   755 | D:1      | Slain by a kobold

Illustrated notes

Levels and vault maps discovered:
D:1:      dpeg_arrival_long_road, layout_loops_cross,
          hellmonk_ecumenical_altar_blasted, chequers_jeans, minmay_tetromino_o4

Skill      XL: |  1  2 |
---------------+-------+-----
Fighting       | 1 |  1.2
Earth Magic    | 3 |  3.0
Dodging        | |  1.7
Stealth        | |  1.7
Spellcasting   | |  2.4
Transmutations | |  0.8

Action                   || total
-------------------------++-------
Melee: Dagger            ||    21
       Unarmed           ||     2
       Staff             ||     2
 Cast: Sandblast         ||    20
 Stab: Sleeping          ||     2
Armor: Robe              ||     5
Dodge: Dodged            ||    27
Block: Other             ||     4
